Map: King Sejong Station LE

Players

Miszu

  • Race: Zerg Zerg
  • League: Master

lIllIIlllllI - Winner!

  • Race: Zerg Zerg
  • League: Grandmaster

VOD

Have the link to the VOD?

Description

Time

  • Played on: June 29, 2016, 4:02 p.m.
  • Length: 5:55
Show
View Real Time Build Order
Export as new Build Order

Miszu Zerg 

Build Orders: Hatch First, Zergling Baneling 

Get SALT Encoding   

  12  0:01  Drone  
  13  0:13  Overlord  
  13  0:18  Drone  
  14  0:33  Drone x2  
  16  0:40  Drone  
  17  0:53  Hatchery  
  16  0:57  Drone  
  16  0:59  Extractor  
  16  1:01  Drone  
  17  1:16  Spawning Pool  
  16  1:19  Drone  
  16  1:23  Drone  
  18  1:33  Drone  
  19  1:40  Overlord  
  19  1:50  Drone  
  20  2:03  Queen  
  20  2:04  Queen  
  20  2:06  Metabolic Boost  
  24  2:15  Zergling x6  
  26  2:18  Drone  
  28  2:24  Drone  
  28  2:27  Drone  
  30  2:34  Drone  
  31  2:38  Drone  
  32  2:44  Drone  
  32  2:50  Baneling Nest, Drone  
  33  2:56  Drone  
  35  2:58  Drone  
  35  3:09  Hatchery  
  34  3:17  Overlord  
  34  3:24  Zergling x4  
  36  3:35  Zergling x12  
  36  3:39  Zergling x2  
  43  3:43  Zergling x2  
  43  3:45  Overlord  
  44  3:48  Baneling  
  44  3:49  Baneling x5  
  44  4:11  Zergling x12  
  43  4:31  Zergling x14  
  43  4:32  Zergling x4  
  43  4:35  Zergling x2  
  43  4:36  Baneling x4  
  51  4:42  Zergling x2  
  51  4:44  Drone x2  
  54  4:46  Baneling  
  54  4:49  Extractor  
  54  4:50  Extractor  
  43  5:09  Drone x8  
  43  5:12  Roach Warren  
  49  5:14  Drone x4  
  49  5:16  Zergling x2  
  49  5:18  Zergling x2  
  49  5:19  Zergling x2  
  56  5:26  Zergling x2  
  57  5:30  Zergling x2  
Show
View Real Time Build Order
Export as new Build Order

lIllIIlllllI Zerg - Winner!

Build Orders: Hatch First 

Get SALT Encoding   

  12  0:00  Drone  
  13  0:08  Drone  
  14  0:14  Extractor  
  14  0:15  Drone  
  14  0:20  Extractor  
  13  0:22  Drone  
  13  0:27  Overlord  
  16  0:46  Drone x2  
  18  0:54  Drone  
  19  1:05  Drone  
  19  1:06  Hatchery  
  19  1:17  Extractor, Drone  
  19  1:24  Spawning Pool  
  18  1:26  Drone  
  19  1:37  Drone  
  20  1:48  Overlord  
  20  1:59  Drone  
  21  2:09  Drone  
  21  2:11  Queen  
  24  2:17  Drone  
  24  2:20  Drone  
  26  2:26  Spine Crawler  
  26  2:28  Drone  
  26  2:29  Queen  
  28  2:31  Drone  
  29  2:40  Drone  
  29  2:42  Roach Warren, Drone  
  30  2:51  Lair  
  30  2:52  Drone x2  
  32  3:00  Drone, Spine Crawler  
  32  3:03  Evolution Chamber  
  31  3:07  Drone  
  31  3:12  Drone  
  33  3:14  Drone  
  33  3:19  Drone  
  36  3:20  Drone  
  36  3:26  Extractor  
  35  3:27  Drone  
  35  3:28  Zerg Missile Weapons Level 1, Extractor  
  35  3:29  Overlord  
  35  3:30  Drone  
  36  3:44  Overlord  
  36  3:47  Drone  
  38  3:48  Drone  
  38  3:49  Drone x3  
  38  3:50  Glial Reconstitution  
  42  3:55  Drone  
  44  4:02  Roach  
  44  4:08  Evolution Chamber  
  43  4:16  Roach  
  51  4:17  Roach x3  
  51  4:26  Overlord x2  
  51  4:40  Overlord  
  51  4:44  Roach x2  
  51  4:45  Roach x4  
  63  4:51  Roach  
  65  4:54  Roach  
  67  5:00  Roach  
  67  5:04  Roach  
  67  5:07  Roach x3  
  67  5:14  Roach  
  75  5:15  Overlord  
  75  5:19  Overlord  
  75  5:33  Hatchery  
  75  5:34  Overlord, Roach  
  75  5:35  Roach  
  80  5:40  Ravager  
  85  5:51  Ravager  
Tags
 
Add a new tag
Caveats
  • Supply blocks, unpowered buildings, or Contaminate may cause inaccurate times.
  • Supply counts are checked every 10 seconds.